 Dungeon Crawl Stone Soup version 0.30-a0-760-g5a9884bb7c (webtiles) character file.

Game seed: 16551159666765891223

147 Angani the Grave Robber (level 5, 0/38 HPs)
             Began as a Draconian Necromancer on Feb 11, 2023.
             Killed from afar by an orc wizard (10 damage)
             ... with a magic dart
             ... on level 4 of the Dungeon.
             The game lasted 00:05:33 (3321 turns).

Angani the Grave Robber (Draconian Necromancer)     Turns: 3321, Time: 00:05:34

Health: 0/38       AC:  5    Str: 10    XL:     5   Next: 7%
Magic:  17/19      EV: 12    Int: 18    God:
Gold:   166        SH:  0    Dex: 11    Spells: 4/11 levels left

rFire   . . .      SeeInvis .    f - staff of death
rCold   . . .      Faith    +    (no shield)
rNeg    + . .      Spirit   .    (body armour unavailable)
rPois   +          Reflect  .    (helmet restricted)
rElec   .          Harm     .    (no cloak)
rCorr   .          Rampage  .    (no gloves)
Will    .....                    (no boots)
Stlth   ++                       n - amulet of faith
HPRegen 0.26/turn                d - ring of poison resistance
MPRegen 0.16/turn                l - ring of magical power

@: hasted, very quick
A: AC +5, unfitting armour, cold-blooded
a: no special abilities


You were on level 4 of the Dungeon.
You visited 1 branch of the dungeon, and saw 4 of its levels.

You collected 166 gold pieces.

Inventory:

Magical Staves
 f - a staff of death (weapon)
Jewellery
 d - a ring of poison resistance (left hand)
 l - a ring of magical power (right hand)
 n - an amulet of faith (around neck)
Scrolls
 g - 2 scrolls of poison
 i - a scroll of enchant weapon
 k - a scroll of silence
Potions
 a - a potion of magic
 c - 2 potions of brilliance
 e - a potion of degeneration {unknown}
 h - a potion of resistance {unknown}
 j - 2 potions of curing {unknown}
 m - a potion of might {unknown}


   Skills:
 - Level 1.7 Dodging
 - Level 1.7 Stealth
 + Level 3.5 Spellcasting
 + Level 5.1 Necromancy
 + Level 1.5 Ice Magic


You had 4 spell levels left.
You knew the following spells:

 Your Spells              Type           Power      Damage    Failure   Level
a - Necrotise             Necr           100%       1d9       1%          1
b - Vampiric Draining     Necr           32%        2d8       5%          3
c - Frozen Ramparts       Ice            16%        1d3       26%         3

Your spell library contained the following spells:

 Spells                   Type           Power      Damage    Failure   Level
 Animate Dead             Necr           32%        N/A       19%         4
 Blink                    Tloc           6%         N/A       24%         2
 Lesser Beckoning         Tloc           6%         N/A       24%         2
 Momentum Strike          Conj/Tloc      6%         3d8       24%         2
 Ozocubu's Armour         Ice            8%         N/A       26%         3
 Portal Projectile        Hex/Tloc       6%         N/A       43%         3
 Tukima's Dance           Hex            3%         N/A       43%         3
 Ice Form                 Ice/Tmut       5%         N/A       75%         4
 Summon Ice Beast         Ice/Summ       5%         N/A       75%         4
 Agony                    Necr           32%        N/A       45%         5
 Metabolic Englaciation   Hex/Ice        2%         N/A       97%         5
 Blade Hands              Tmut           1%         N/A       99%         5
 Simulacrum               Ice/Necr       11%        N/A       99%         6


Dungeon Overview and Level Annotations

Branches:
Dungeon (4/15)
 Temple: D:4-7

Altars:

Annotations:
D:3 2 transporters, MCDelver's ghost, amateur OpFE


Innate Abilities, Weirdness & Mutations

Your plain brown scales are hard. (AC +5)
You cannot fit into any form of body armour.
You are cold-blooded and may be slowed by cold attacks.


Message History

Casting: Frozen Ramparts (quite dangerous; 26% risk of failure)
Confirm with . or Enter, or press ? or * to list all spells.
You can't see any susceptible monsters within range! (Use Z to cast anyway.)
Casting: Frozen Ramparts (quite dangerous; 26% risk of failure)
Confirm with . or Enter, or press ? or * to list all spells.
The spell is quite dangerous to miscast (26% risk of failure)!
Continue anyway?
Casting: Frozen Ramparts (quite dangerous; 26% risk of failure)
Press: ? - help, Dir - look around, f - activate The walls around you are covered in ice.
The wall freezes something but does no damage.
Something hits you.
An endoplasm comes into view.
Unknown command.
Your frozen ramparts will break if you move.
Continue? [Y]es or [N]o only, please.
Your frozen ramparts will break if you move.
Continue?
Okay, then.
The wall freezes something.
You hear some strange, mumbled words.
Something tries to affect you, but you resist.
The wall freezes something.
Something hits you.
* * * LOW HITPOINT WARNING * * *
The wall freezes something but does no damage.
You hear some strange, mumbled words.
Something tries to affect you, but you resist.
The wall freezes something but does no damage.
Something hits you.
* * * LOW HITPOINT WARNING * * *
Your magical contamination has completely faded away.
The wall freezes something.
Something hits you.
* * * LOW HITPOINT WARNING * * *
The frozen ramparts melt away.
Something hits you.
* * * LOW HITPOINT WARNING * * *
It was a potion of haste.
You feel yourself speed up. Something hits you but does no damage.
An orc wizard appears from thin air!
Reactivating autopickup.
The orc wizard casts a spell at you. The magic dart hits you!
You die...

#### ### ##..####.#
#........##
###........####
##.....##...#.<#
##..............#
#.....##.......## #
###.......@.......#
##.#.................#
.#....#.o###............
..........###########....
.....##..###.# .....
........{.#.## ##...
.........J..#
......#.....#
.........#..#


You could see an orc wizard.

Vanquished Creatures
  A gnoll bouda (D:3)
  3 gnolls (D:3)
  3 adders
  5 orcs
  2 ball pythons
  5 bats
  3 endoplasms
  3 giant cockroaches
  5 goblins
  5 hobgoblins
  3 jackals (D:2)
  A quokka (D:1)
  4 frilled lizards
  7 kobolds
  4 rats
54 creatures vanquished.

Vanquished Creatures (collateral kills)
  A jackal (D:2)
1 creature vanquished.

Vanquished Creatures (others)
  2 fungi (D:2)
  9 plants
11 creatures vanquished.

Grand Total: 66 creatures vanquished

Notes
Turn   | Place    | Note
-------+----------+-------------------------------------------
     0 | D:1      | Angani the Draconian Necromancer began the quest for the
                  | Orb.
     0 | D:1      | Reached XP level 1. HP: 14/14 MP: 3/3
   368 | D:1      | Reached XP level 2. HP: 18/20 MP: 0/5
  1150 | D:2      | Reached XP level 3. HP: 26/26 MP: 4/7
  1689 | D:2      | Found a faded altar of an unknown god.
  1914 | D:2      | Identified a scroll of acquirement
  1914 | D:2      | Acquired a staff of death
  1941 | D:2      | Learned a level 3 spell: Vampiric Draining
  1945 | D:2      | Learned a level 3 spell: Frozen Ramparts
  2132 | D:3      | Identified the +5 halberd "Xuawoare" {venom, *Slow rF++
                  | Will+ rCorr}
  2396 | D:3      | Reached XP level 4. HP: 33/33 MP: 8/8
  2414 | D:3      | Reached skill level 5 in Necromancy
  2414 | D:3      | Reached skill level 1 in Ice Magic
  2614 | D:3      | Found a transporter.
  2639 | D:3      | Noticed MCDelver's ghost (amateur OpFE)
  3067 | D:3      | Found a transporter.
  3145 | D:4      | Reached XP level 5. HP: 38/38 MP: 10/10
  3146 | D:4      | Noticed an ice beast
  3321 | D:4      | Killed from afar by an orc wizard

Illustrated notes

Levels and vault maps discovered:
D:1:      nicolae_arrival_somewhat_less_tricky_arrival, layout_basic
D:2:      layout_loops_ring, shapermc_ecumenical_altar_acropolis,
          minmay_heptomino_l4
D:3:      layout_basic, gammafunk_ghost_gnarly_gnolls
D:4:      minmay_chambers_of_fours, layout_cave_pools, old_standard_altar

Skill      XL: |  1  2  3  4 |
---------------+-------------+-----
Spellcasting   | 3 |  3.5
Necromancy     | 5 |  5.1
Ice Magic      | 1 |  1.5
Dodging        | |  1.7
Stealth        | |  1.7

Action                     |  1- 3 |  4- 6 || total
---------------------------+-------+-------++-------
  Melee: Unarmed           |    34 |       ||    34
         Punch             |     1 |       ||     1
   Cast: Necrotise         |    73 |    37 ||   110
         Frozen Ramparts   |       |     1 ||     1
    Use: Scroll            |     7 |       ||     7
         Potion            |     1 |     2 ||     3
 Armour: Skin              |    21 |     9 ||    30
  Dodge: Dodged            |    43 |    10 ||    53

Table legend: (Time is in decaauts)
 A = Elapsed time spent in this place.
 B = Non-inter-level travel time spent in this place.
 C = Inter-level travel time spent in this place.
 D = Time resting spent in this place.
 E = Time spent auto-exploring this place.
 F = Levels seen in this place.
 G = Mean time per level.
                   A        B        C        D        E       F      G
               +--------+--------+--------+--------+--------+-----+--------+
         Total |   3317 |   3246 |     71 |    234 |   2628 |   4 |  829.2 |
       Dungeon |   3317 |   3246 |     71 |    234 |   2628 |   4 |  829.2 |
               +--------+--------+--------+--------+--------+-----+--------+

Top non-repeatable levels by time:
     D:3: 1136 daAuts
     D:2: 1091 daAuts
     D:1: 1001 daAuts
     D:4: 88 daAuts
